AoeStats
← A Bá

Nomad

509111290Analyzed
4v4 RM · 8d ago on Sep 25, 2026· 57m 1s· 8 players
Game mode
Random Map
Map size
231×231
Population
200
Speed
Normal
Resources
Standard
Victory
Conquest
Starting age
Dark Age
Ending age
Imperial Age
RankedLock teamsTeams togetherTeam positionsShared explorationLock speedFull tech treeHidden civsTurbo modeCheats
Victory
Defeat
🇦🇷 Mongols · Argentina
1227
+17
🇦🇺 Franks · Australia
1185
+18
🇻🇳 Persians · Vietnam
1179
+19
🇨🇳 Varangians · China
1166
+19
🇹🇼 Dravidians · Taiwan
1293
-20
🇬🇧 Varangians · United Kingdom
1287
-21
🇳🇱 Vietnamese · Netherlands
1214
-17
🇮🇹 Huns · Italy
1150
-15
Loius
4:40 Loom
16:20 Feudal Age
17:08 Double-Bit Axe
24:32 Castle Age
23:20 Stone Mining
23:21 Horse Collar
27:33 Fletching
30:27 Bodkin Arrow
31:11 Padded Archer Armor
32:24 Wheelbarrow
33:02 Leather Archer Armor
35:26 Ballistics
35:16 Husbandry
40:38 Imperial Age
39:05 Thumb Ring
41:57 Bracer
43:42 Parthian Tactics
45:03 Chemistry
43:53 Elite Mangudai
47:55 Gold Mining
50:01 Bloodlines
51:28 Capped Ram
53:55 Scale Barding Armor
54:01 Forging
56:42 Light Cavalry
57:44 Chain Barding Armor
58:00 Iron Casting
chickendddaddy
11:54 Loom
13:59 Feudal Age
15:36 Man-at-Arms
18:32 Bloodlines
20:40 Double-Bit Axe
26:11 Castle Age
27:02 Stone Mining
28:19 Bow Saw
30:40 Stone Shaft Mining
42:25 Treadmill Crane
45:11 Wheelbarrow
46:38 Gold Mining
46:43 Fletching
47:22 Light Cavalry
48:23 Horse Collar
49:37 Hand Cart
54:13 Imperial Age
52:49 Scale Barding Armor
52:50 Husbandry
55:01 Chain Barding Armor
54:14 Hussar
55:10 Forging
55:17 Vendel Legacy
56:18 Conscription
58:08 Iron Casting
Súc Vật Du Phong
5:16 Loom
14:11 Feudal Age
15:39 Double-Bit Axe
18:31 Castle Age
17:47 Town Watch
19:49 Bow Saw
19:22 Horse Collar
25:18 Heavy Plow
26:22 Scale Barding Armor
26:29 Forging
27:04 Husbandry
27:54 Wheelbarrow
29:19 Iron Casting
29:07 Chain Barding Armor
30:37 Iron Casting
30:56 Bloodlines
31:34 Gold Mining
32:57 Hand Cart
35:34 Gold Shaft Mining
38:45 Imperial Age
38:07 Stone Mining
38:23 Cavalier
40:11 Blast Furnace
39:46 Plate Barding Armor
42:22 Savar
52:08 Light Cavalry
A Bá
5:52 Loom
15:01 Feudal Age
16:48 Double-Bit Axe
19:25 Castle Age
17:44 Gold Mining
21:03 Husbandry
21:45 Stone Mining
23:02 Wheelbarrow
27:43 Scale Barding Armor
29:29 Forging
31:18 Bow Saw
31:41 Fervor
31:50 Fervor
32:43 Gold Shaft Mining
36:54 Chain Barding Armor
39:28 Iron Casting
44:34 Padded Archer Armor
44:24 Fletching
47:00 Herbal Medicine
47:22 Hand Cart
51:41 Imperial Age
48:59 Town Watch
50:52 Town Patrol
51:43 Cavalier
53:01 Coinage
53:08 Conscription
53:09 Paladin
55:17 Plate Barding Armor
55:43 Blast Furnace
57:01 Chivalry
'The Glue'
3:19 Loom
14:20 Feudal Age
15:23 Double-Bit Axe
15:29 Gold Mining
24:11 Castle Age
25:10 Bow Saw
25:19 Fletching
27:16 Bodkin Arrow
30:08 Clinker Construction
36:00 Guard Tower
38:08 Wheelbarrow
40:09 Imperial Age
38:27 Wheelbarrow
38:40 Ballistics
38:29 Town Watch
39:27 Bow Saw
40:46 Masonry
41:37 Murder Holes
41:29 Horse Collar
42:40 Conscription
44:34 Scale Barding Armor
44:40 Forging
45:42 Bracer
47:08 Vendel Legacy
49:11 Bloodlines
50:16 Husbandry
49:37 Cavalier
53:24 Chain Barding Armor
53:39 Iron Casting
53:51 Iron Casting
56:46 Light Cavalry
Deathiscoming
7:14 Loom
8:54 Loom
14:38 Feudal Age
17:14 Town Watch
20:05 Castle Age
18:23 Fishing Lines
19:15 Double-Bit Axe
19:48 Fletching
21:25 Bow Saw
21:38 Bodkin Arrow
21:49 Gillnets
23:32 Padded Archer Armor
27:30 Leather Archer Armor
27:29 Heated Shot
28:02 Ballistics
28:38 Gold Mining
29:55 Wheelbarrow
31:28 Hand Cart
32:24 Thumb Ring
33:14 Stone Mining
38:21 Horse Collar
49:38 Imperial Age
48:23 Scale Mail Armor
48:34 Forging
49:06 Squires
49:37 Bloodlines
49:30 Husbandry
49:33 Chatras
49:47 Arson
50:19 Chain Mail Armor
51:27 Chemistry
51:00 Elite Rattan Archer
53:06 Hoardings
54:09 Bracer
passami lo sdrogo
3:48 Loom
16:05 Feudal Age
20:12 Castle Age
18:28 Double-Bit Axe
18:50 Gold Mining
19:45 Bloodlines
19:50 Fishing Lines
21:10 Husbandry
21:46 Scale Barding Armor
24:39 Forging
29:04 Wheelbarrow
28:47 Fletching
31:28 Stone Mining
34:21 Gillnets
35:04 Hand Cart
35:28 Gold Shaft Mining
36:37 Ballistics
36:47 Thumb Ring
40:11 Imperial Age
39:11 Bodkin Arrow
39:16 Padded Archer Armor
41:41 Parthian Tactics
41:05 Heavy Cavalry Archer
42:17 Leather Archer Armor
44:44 Chemistry
43:40 Murder Holes
44:08 Bracer
48:40 Conscription
50:44 Chain Barding Armor
50:59 Iron Casting
51:11 Masonry
51:39 Caravan
52:29 Elite Tarkan
來都來了
3:26 Loom
13:20 Feudal Age
13:52 Double-Bit Axe
13:54 Town Watch
19:12 Castle Age
17:56 Gold Mining
18:15 Fletching
19:16 Padded Archer Armor
20:01 Bodkin Arrow
20:27 Bow Saw
20:56 Wheelbarrow
21:47 Ballistics
24:17 Stone Mining
25:20 Pikeman
26:15 Horse Collar
37:59 Imperial Age
36:05 Medical Corps
37:34 Thumb Ring
38:56 Husbandry
40:29 Bracer
40:53 Halberdier
Connection lost

Rejoining the realm…

Still unreachable

The connection could not be restored.

Session expired

The server has moved on; the page needs a fresh start.